 Dungeon Crawl Stone Soup version 0.30-b1-2-g02819fbbbe (webtiles) character file.

Game seed: 2875752132231383759

29472 sleepyPrincex the Stormcaller (level 13, -4/69 HPs)
             Began as a Tengu Air Elementalist on Nov 22, 2023.
             Was an Elder of Vehumet.
             Slain by Snorg (22 damage)
             ... on level 3 of the Lair of Beasts on Nov 23, 2023.
             The game lasted 02:11:52 (20978 turns).

sleepyPrincex the Stormcaller (TeAE)               Turns: 20978, Time: 02:11:53

Health: -4/69      AC:  7    Str: 14    XL:     13   Next: 45%
Magic:  29/29      EV: 22    Int: 30    God:    Vehumet [****..]
Gold:   2483       SH:  0    Dex: 27    Spells: 9/34 levels left

rFire   . . .        l - +9 dagger of Cheese {venom, rElec rPois Will++ Int+3}
rCold   . . .        (no shield)
rNeg    . . .        q - +4 robe of Augmentation {Str+4 Int+4 Dex+4}
rPois   +            (helmet restricted)
rElec   +            J - scarf {repulsion}
rCorr   .            v - +0 pair of gloves
SInv    +            (boots unavailable)
Will    ++...        I - amulet "Fegruc" {rElec rF- Regen+ Dex+6 Stlth+}
Stlth   +++++        k - ring of protection from fire
HPRegen 1.11/turn    L - ring of the Fool {Int+6 SInv}
MPRegen 0.21/turn

%: repel missiles
@: swift, flying quickly and evasively, very quick
A: beak, talons 3, nimble flight
a: Renounce Religion


You were on level 3 of the Lair of Beasts.
You worshipped Vehumet.
Vehumet was greatly pleased with you.
You visited 3 branches of the dungeon, and saw 16 of its levels.
You also visited: Trove.

You collected 2483 gold pieces.

Inventory:

Hand Weapons
 l - the +9 dagger of Cheese (weapon) {venom, rElec rPois Will++ Int+3}
   (You found it on level 2 of the Dungeon)

   Int:       It affects your intelligence (+3).
   rElec:     It insulates you from electricity.
   rPois:     It protects you from poison.
   Will:      It greatly increases your willpower.
Missiles
 c - a curare-tipped dart
 A - 3 atropa-tipped darts
 E - 3 throwing nets
Armour
 m - the +1 pair of gloves of Ykhlaassu {*Slow Str+2 Stlth+}
   (You found it on level 2 of the Dungeon)

   Str:       It affects your strength (+2).
   *Slow:     It may slow you when you take damage.
   Stlth:     It makes you more stealthy.
 q - the +4 robe of Augmentation (worn) {Str+4 Int+4 Dex+4}
   (You found it on level 3 of the Dungeon)

   Str:       It affects your strength (+4).
   Int:       It affects your intelligence (+4).
   Dex:       It affects your dexterity (+4).
 v - a +0 pair of gloves (worn)
 J - a scarf of repulsion (worn)
Magical Staves
 D - a staff of air
Jewellery
 b - a ring of protection from fire
 k - a ring of protection from fire (left hand)
 n - an amulet of guardian spirit
 o - a ring of resist corrosion
 u - a ring of protection from cold
 x - an amulet of reflection
 I - the amulet "Fegruc" (around neck) {rElec rF- Regen+ Dex+6 Stlth+}
   (You found it in a treasure trove)

   [amulet of regeneration]

   Dex:       It affects your dexterity (+6).
   rF:        It makes you vulnerable to fire.
   rElec:     It insulates you from electricity.
   Regen:     It increases your rate of health regeneration.
   Stlth:     It makes you more stealthy.
 L - the ring of the Fool (right hand) {Int+6 SInv}
   (You found it in a treasure trove)

   [ring of intelligence]

   Int:       It affects your intelligence (+6).
   SInv:      It lets you see invisible.
 R - a ring of magical power
Wands
 d - a wand of paralysis (8)
 f - a wand of iceblast (5)
 F - a wand of light (2) (quivered)
 N - a wand of flame (20)
Scrolls
 e - a scroll of fog {unknown}
 g - 4 scrolls of poison
 s - 7 scrolls of teleportation {unknown}
 t - 2 scrolls of immolation {unknown}
 w - 3 scrolls of enchant armour {unknown}
 y - 8 scrolls of enchant weapon
 z - 4 scrolls of amnesia {unknown}
 B - a scroll of silence {unknown}
 K - a scroll of magic mapping {unknown}
 P - a scroll of butterflies {unknown}
 S - a scroll of vulnerability {unknown}
Potions
 a - 3 potions of haste {unknown}
 h - 4 potions of curing
 i - 3 potions of cancellation {unknown}
 j - 2 potions of ambrosia
 p - a potion of resistance {unknown}
 r - 2 potions of might {unknown}
 C - 3 potions of lignification {unknown}
 G - a potion of invisibility {unknown}
 H - a potion of berserk rage {unknown}
 M - 2 potions of brilliance {unknown}
 O - a potion of degeneration {unknown}
 Q - a potion of magic


   Skills:
 + Level 3.6 Fighting
 + Level 5.0 Short Blades
 + Level 0.3 Throwing
 + Level 6.6 Dodging
 + Level 5.8 Stealth
 - Level 1.0 Shields
 + Level 11.3 Spellcasting
 + Level 14.7 Conjurations
 + Level 15.6 Air Magic
 + Level 1.0 Evocations


You had 9 spell levels left.
You knew the following spells:

 Your Spells              Type           Power      Damage    Failure   Level
a - Shock                 Conj/Air       100%       1d9       0%          1
b - Static Discharge      Conj/Air       100%       2-7/arc   0%          2
c - Swiftness             Air            84%        N/A       0%          3
d - Airstrike             Air            42%        2d(6-22)  1%          4
e - Freezing Cloud        Conj/Ice/Air   33%        6-21      1%          5
f - Fireball              Conj/Fire      28%        3d12      1%          5
g - Cigotuvi's Dreadful   Necr/Pois/Air  96%        N/A       1%          2
h - Ignite Poison         Fire/Tmut/Pois 17%        N/A       2%          3

Your spell library contained the following spells:

 Spells                   Type           Power      Damage    Failure   Level
 Flame Wave               Conj/Fire      57%        2d14      1%          4
 Necrotise                Necr           68%        1d7       3%          1
 Summon Small Mammal      Summ           68%        N/A       3%          1
 Call Imp                 Summ           34%        N/A       4%          2
 Lesser Beckoning         Tloc           34%        N/A       4%          2
 Gell's Gravitas          Tloc           17%        N/A       9%          3
 Teleport Other           Tloc           17%        N/A       9%          3
 Vampiric Draining        Necr           17%        2d7       9%          3
 Olgreb's Toxic Radiance  Pois           17%        N/A       9%          4
 Petrify                  Tmut/Erth      17%        N/A       30%         4
 Agony                    Necr           17%        N/A       63%         5
 Metabolic Englaciation   Hex/Ice        8%         N/A       63%         5
 Statue Form              Tmut/Erth      11%        N/A       99%         6
 Discord                  Hex            8%         N/A       100%        8
 Ignition                 Fire           8%         3d5       100%        8


Dungeon Overview and Level Annotations

Branches:
Dungeon (12/15)            Temple (1/1) D:6            Lair (3/5) D:11
 Shoals (0/4) Lair:2        Snake (0/4) Lair:2          Orc (0/2) D:11

Altars:
Ashenzari
Cheibriados
Dithmenos
Elyvilon
Fedhas
Gozag
Hepliaklqana
Kikubaaqudgha
Makhleb
Nemelex Xobeh
Okawaru
Qazlal
Ru
Sif Muna
Trog
Uskayaw
Vehumet
Wu Jian
Xom
Yredelemnul
Zin
The Shining One

Annotations:
Lair:2 2 transporters, Alarkh's ghost, journeyman DsAr
Lair:3 Snorg


Innate Abilities, Weirdness & Mutations

You have a beak for a mouth.
You have claws for feet.
Your magical nature lets you fly swiftly and evasively.


Message History

Snorg barely misses you. Snorg misses you. Snorg claws you!
Casting: Swiftness (safe; 0% risk of failure)
Confirm with . or Enter, or press ? or * to list all spells.
Snorg is struck by an arc of lightning.
Snorg is moderately wounded.
You resist.
You are struck by an arc of lightning.
Snorg is struck by an arc of lightning.
Snorg is moderately wounded.
The lightning grounds out.
Snorg goes berserk!
Casting: Static Discharge (safe; 0% risk of failure)
Confirm with . or Enter, or press ? or * to list all spells.
You don't know that spell.
Casting: Static Discharge (safe; 0% risk of failure)
Confirm with . or Enter, or press ? or * to list all spells.
You feel quick. Snorg barely misses you. Snorg closely misses you.
Snorg completely misses you.
There is a stone staircase leading up here.
Snorg attacks as you move away! Snorg closely misses you. Snorg claws you.
Snorg claws you!!
* * * LOW HITPOINT WARNING * * *
Aiming: Paralyse
Press: ? - help, Shift-Dir - straight line, f - Snorg
Aim: Snorg (heavily wounded, berserk, very poisoned, chance to affect: 19%)
Okay, then.
You are confused.
You feel invigorated. Snorg misses you. Snorg completely misses you.
Snorg claws you but does no damage. Snorg bites you.
* * * LOW HITPOINT WARNING * * *
Snorg claws you!
* * * LOW HITPOINT WARNING * * *
Snorg closely misses you.
You're too confused to move!
Snorg completely misses you. Snorg misses you. Snorg completely misses you.
Snorg rages.
Snorg bites you but does no damage. Snorg claws you!
* * * LOW HITPOINT WARNING * * *
Snorg claws you.
* * * LOW HITPOINT WARNING * * *
You feel better.
You feel less invigorated. Snorg bites you!!
You die...

...............>.......
#.....................
#...................###
......................##
...)...................##
#...............$.....#.#
.......................#
#..#..#.............<..#
...#####.#......@T.>##.#
#..## #####..#.##### ##
##.P# ###### ##..# #...#
....# ##..## .....#
##.#.#


You could see Snorg (berserk, very poisoned).

Vanquished Creatures
  A rakshasa (D:12)
  Harold (D:10)
  A two-headed ogre (D:12)
  Pikel (D:6)
  An ugly thing (D:11)
  3 cyclopes
  8 cane toads
  A black mamba (Lair:2)
  6 komodo dragons
  2 unseen horrors (D:10)
  A rime drake (Lair:2)
  A kobold demonologist (D:12)
  3 trolls
  2 hornets
  2 polar bears (Lair:2)
  Prince Ribbit (D:6)
  4 shadows
  A wraith (D:9)
  4 wyverns
  A basilisk (D:11)
  2 steam dragons (Lair:2)
  60 yaks
  7 vampire mosquitoes
  2 nagas (Lair:2)
  An acid dragon (D:10)
  5 water moccasins
  3 black bears
  11 orc warriors
  A sky beast (D:6)
  7 ogres
  15 wolves
  3 centaurs
  A lemure (D:6)
  A phantom (D:5)
  3 kobold brigands
  3 gnoll sergeants (D:11)
  10 bullfrogs
  A scorpion (D:5)
  8 wights (D:8)
  3 killer bees (D:10)
  2 howler monkeys (D:10)
  3 electric eels
  3 lava snakes (D:7)
  11 orc priests
  10 hounds
  2 jellies (D:7)
  2 gnoll boudas
  3 sleepcaps
  3 iguanas
  15 orc wizards
  11 gnolls
  5 adders
  An ufetubus (D:5)
  A worm (D:4)
  5 dart slugs
  65 orcs
  14 ball pythons
  2 bats (D:1)
  3 endoplasms
  5 giant cockroaches
  4 goblins
  5 hobgoblins
  6 kobolds
  2 quokkas
  6 frilled lizards
  5 rats
386 creatures vanquished.

Vanquished Creatures (others)
  13 fungi (Lair:2)
  53 plants
66 creatures vanquished.

Grand Total: 452 creatures vanquished

Notes
Turn   | Place    | Note
-------+----------+-------------------------------------------
     0 | D:1      | sleepyPrincex the Tengu Air Elementalist began the quest
                  | for the Orb.
     0 | D:1      | Reached XP level 1. HP: 10/10 MP: 4/4
   173 | D:1      | Reached XP level 2. HP: 15/15 MP: 1/6
   565 | D:1      | Reached XP level 3. HP: 19/19 MP: 3/7
   568 | D:1      | Learned a level 2 spell: Static Discharge
   572 | D:1      | Learned a level 3 spell: Swiftness
   617 | D:1      | Reached skill level 5 in Air Magic
  1216 | D:2      | Identified the +9 dagger of Cheese {venom, rElec rPois
                  | Will++ Int+3}
  1258 | D:2      | Identified the +1 pair of gloves of Ykhlaassu {*Slow Str+2
                  | Stlth+}
  1755 | D:2      | Reached XP level 4. HP: 24/24 MP: 0/9
  2099 | D:3      | Found the +4 robe of Augmentation {Str+4 Int+4 Dex+4}
  2795 | D:4      | You fall into a shaft and drop 2 floors!
  2796 | D:6      | Noticed a water moccasin
  2860 | D:6      | Gained mutation: Your magical nature lets you fly swiftly
                  | and evasively. [Tengu growth]
  2860 | D:6      | Reached XP level 5. HP: 28/28 MP: 6/10
  2921 | D:6      | Noticed a sky beast
  3047 | D:6      | Killed a water moccasin
  3048 | D:6      | Reached XP level 6. HP: 18/32 MP: 0/12
  3179 | D:5      | Entered Level 5 of the Dungeon
  3230 | D:5      | Reached skill level 6 in Air Magic
  3362 | D:5      | Found a white marble altar of Elyvilon.
  3501 | D:5      | Reached XP level 7. HP: 37/37 MP: 9/14
  3768 | D:4      | Reached skill level 1 in Short Blades
  4626 | D:5      | Found a basalt altar of Yredelemnul.
  4752 | D:5      | Reached skill level 5 in Conjurations
  4767 | D:5      | Reached skill level 5 in Spellcasting
  4767 | D:5      | Reached skill level 7 in Air Magic
  4933 | D:5      | Reached XP level 8. HP: 38/42 MP: 16/16
  5275 | D:6      | Noticed Pikel
  5474 | D:6      | Found a staircase to the Ecumenical Temple.
  5478 | Temple   | Entered the Ecumenical Temple
  5746 | D:6      | Noticed Prince Ribbit
  5926 | D:6      | Killed Pikel
  5927 | D:6      | Reached skill level 8 in Air Magic
  5927 | D:6      | Reached XP level 9. HP: 45/46 MP: 3/19
  6148 | D:6      | Killed Prince Ribbit
  6149 | D:6      | Reached skill level 1 in Fighting
  6855 | D:5      | Found a shadowy altar of Dithmenos.
  6855 | D:5      | Found a stormy altar of Qazlal.
  6946 | D:7      | Found a radiant altar of Vehumet.
  6947 | D:7      | Found a sparkling altar of Nemelex Xobeh.
  6949 | D:7      | Became a worshipper of Vehumet
  7086 | D:7      | Identified the +6 hand axe of Ihianiggi {pain, Fragile
                  | rN+++ Str+5 Dex+2}
  7107 | D:7      | Reached skill level 9 in Air Magic
  7352 | D:7      | Reached skill level 1 in Shields
  7674 | D:8      | Found an ancient bone altar of Kikubaaqudgha.
  8062 | D:8      | Reached skill level 10 in Air Magic
  8233 | D:8      | Reached XP level 10. HP: 51/52 MP: 14/22
  8436 | D:8      | Reached * piety under Vehumet
  8436 | D:8      | Offered knowledge of Freeze by Vehumet.
  9053 | D:9      | Found a sacrificial altar of Ru.
  9246 | D:9      | Reached skill level 11 in Air Magic
  9267 | D:9      | Reached skill level 10 in Conjurations
  9268 | D:9      | Reached skill level 12 in Air Magic
  9476 | D:9      | Offered knowledge of Poisonous Vapours by Vehumet.
  9479 | D:9      | Identified the +7 flail of Agony {antimagic, rElec rC-
                  | SInv}
  9481 | D:9      | Reached ** piety under Vehumet
  9826 | D:9      | Found a large runed translucent door.
  9827 | D:9      | Found a large runed translucent door.
 10014 | D:9      | Reached XP level 11. HP: 54/57 MP: 16/24
 10099 | D:9      | Found a glowing golden altar of the Shining One.
 10102 | D:9      | Found a bloodstained altar of Trog.
 10180 | D:10     | Entered Level 10 of the Dungeon
 10507 | D:10     | Noticed Harold
 10525 | D:10     | Killed Harold
 10775 | D:10     | Reached skill level 13 in Air Magic
 10888 | D:10     | Offered knowledge of Inner Flame by Vehumet.
 10895 | D:10     | Reached *** piety under Vehumet
 11409 | D:10     | Reached skill level 5 in Stealth
 11660 | D:11     | Found a staircase to the Lair.
 11673 | D:10     | Offered knowledge of Iskenderun's Mystic Blast by Vehumet.
 11748 | D:10     | Learned a level 4 spell: Airstrike
 11754 | D:10     | Learned a level 5 spell: Freezing Cloud
 12621 | D:11     | Noticed a cyclops
 13154 | D:11     | Identified the +0 chain mail of the Bard {rElec Will+
                  | Str+2}
 13972 | D:11     | Reached skill level 14 in Air Magic
 14167 | D:10     | Reached XP level 12. HP: 46/64 MP: 23/26
 14241 | D:11     | Reached **** piety under Vehumet
 14275 | D:11     | Reached skill level 5 in Dodging
 14407 | D:11     | Offered knowledge of Fireball by Vehumet.
 14543 | D:11     | Found a staircase to the Orcish Mines.
 14930 | D:11     | Reached skill level 10 in Spellcasting
 15149 | Lair:1   | Entered Level 1 of the Lair of Beasts
 15166 | D:11     | Learned a level 5 spell: Fireball
 15169 | D:11     | Learned a level 2 spell: Cigotuvi's Dreadful Rot
 15173 | D:11     | Learned a level 3 spell: Ignite Poison
 15383 | D:12     | Noticed a rakshasa
 15841 | D:12     | Found a portal to a secret trove of treasure.
 16014 | D:12     | Noticed a two-headed ogre
 17608 | D:12     | Killed a rakshasa
 17609 | D:12     | Reached skill level 15 in Air Magic
 18052 | D:12     | Killed a two-headed ogre
 18124 | D:12     | You paid a toll of 5 scrolls of blinking to enter a
                  | treasure trove
 18125 | Trove    | Entered a treasure trove
 18144 | Trove    | Identified the amulet "Fegruc" {rElec rF- Regen+ Dex+6
                  | Stlth+}
 18148 | Trove    | Identified the amulet "Talybb" {Faith Fly rPois Will+
                  | Dex-5}
 18153 | Trove    | Identified the +3 halberd "Bumyvvu" {heavy, Stlth+}
 18164 | Trove    | Identified the ring of the Fool {Int+6 SInv}
 18414 | Lair:1   | Reached skill level 1 in Evocations
 18784 | Lair:1   | Reached ***** piety under Vehumet
 18799 | Lair:1   | Offered knowledge of Flame Wave by Vehumet.
 18811 | Lair:1   | Reached XP level 13. HP: 52/68 MP: 28/28
 19569 | Lair:2   | Found a staircase to the Shoals.
 20175 | Lair:2   | Found a transporter.
 20178 | Lair:2   | Found a transporter.
 20293 | Lair:2   | Found a staircase to the Snake Pit.
 20538 | Lair:2   | Noticed Alarkh's ghost (journeyman DsAr)
 20632 | Lair:3   | Noticed Snorg
 20676 | Lair:3   | Got the Quarto of the Vapourous Band
 20701 | Lair:3   | Reached skill level 5 in Short Blades
 20977 | Lair:3   | HP: 3/69 [Snorg (1)]
 20978 | Lair:3   | Slain by Snorg

Illustrated notes

Levels and vault maps discovered:
D:1:      minmay_arrival_split_and_join, layout_basic
D:2:      layout_loops_cross, minmay_misc_feat_pillars,
          minmay_shallow_snake_nest
D:3:      layout_loops_ring
D:4:      layout_loops_corners, kennysheep_generic_room_14
D:5:      cheibrodos_quashed, layout_loops_cross, nicolae_overflow_hidden_temple
D:6:      layout_loops_corners, minmay_temple_entry_grid, uniq_pikel,
          uniq_prince_ribbit1
D:7:      layout_gridville, nicolae_overflow_squiral, kennysheep_boxes
D:8:      layout_loops_ring, mainiacjoe_overflow_concentric_impassable
D:9:      layout_long_grid, nicolae_ru_the_path_less_chosen,
          jmf_multi_god_temple2
D:10:     layout_cave_pools, special_room [special_room_orc], uniq_harold
D:11:     layout_rooms, erik_lair_island,
          kennysheep_orc_monster_closet_entryway, mrwooster_statue_mirror
D:12:     layout_loops_ring, enter_trove_1, kennysheep_generic_room_10
Temple:   nicolae_temple_ecumenical_triangle
Lair:1:   layout_roguey
Lair:2:   layout_loops_ring, minmay_shoals_entry_centaurs,
          guppyfry_snake_entry_garden, gammafunk_ghost_hive
Lair:3:   layout_cave_pods, beast_lair_carwin_5, uniq_snorg, uniq_urug,
          uniq_fannar

Skill      XL: |  1  2  3  4  5  6  7  8  9 10 11 12 13 |
---------------+----------------------------------------+-----
Air Magic      | 5 6 7 8 10 12 14 15 | 15.6
Conjurations   | 2 3 4 5 7 8 10 12 14 | 14.7
Spellcasting   | 3 4 5 6 7 8 9 10 11 | 11.3
Stealth        | 3 4 5 |  5.8
Short Blades   | 1 2 3 4 5 |  5.0
Fighting       | 1 2 3 |  3.6
Dodging        | 3 4 5 6 |  6.6
Shields        | 1 |  1.0
Evocations     | 1 |  1.0
Throwing       | |  0.3

Action                     |  1- 3 |  4- 6 |  7- 9 | 10-12 | 13-15 || total
---------------------------+-------+-------+-------+-------+-------++-------
  Melee: Unarmed           |     2 |       |       |       |       ||     2
         Kick              |     5 |     5 |    20 |    65 |    77 ||   172
         Dagger            |    15 |    20 |    65 |   180 |   145 ||   425
         Peck              |     2 |     4 |    19 |    42 |    43 ||   110
         Punch             |       |       |       |     5 |     4 ||     9
  Throw: Throwing net      |       |       |       |     3 |       ||     3
         Dart              |       |       |       |     2 |       ||     2
   Cast: Shock             |    66 |    58 |   177 |   469 |    92 ||   862
         Static Discharge  |       |     6 |    30 |   147 |    21 ||   204
         Fireball          |       |       |       |     1 |     3 ||     4
         Swiftness         |       |       |       |       |     2 ||     2
  Evoke: Wand              |       |       |       |     6 |       ||     6
    Use: Potion            |       |       |       |     5 |     2 ||     7
         Scroll            |       |       |       |     9 |       ||     9
   Stab: Sleeping          |       |     2 |     1 |     3 |     5 ||    11
         Held in net/web   |       |       |       |     1 |       ||     1
         Paralysed         |       |       |       |     1 |       ||     1
         Distracted        |       |       |       |     1 |       ||     1
         Invisible         |       |       |       |     1 |       ||     1
 Armour: Robe              |     5 |     8 |    10 |    70 |    25 ||   118
  Dodge: Dodged            |    10 |     8 |    49 |   281 |   151 ||   499
         Repelled          |       |       |       |       |     1 ||     1
  Block: Other             |       |       |    18 |    32 |       ||    50
         Reflection        |       |       |     3 |     1 |       ||     4
